 Dungeon Crawl Stone Soup version 0.31-a0-210-gccc998df9b (webtiles) character file.

Game seed: 9565052484914308552

3 Ofeo the Conjurer (level 1, 10/18 HPs)
             Began as an Armataur Reaver on June 30, 2023.
             Quit the game on level 1 of the Dungeon.
             The game lasted 00:00:07 (88 turns).

Ofeo the Conjurer (Armataur Reaver)                   Turns: 88, Time: 00:00:08

Health: 10/18      AC:  4    Str: 17    XL:     1   Next: 41%
Magic:  3/3        EV:  9    Int: 13    God:
Gold:   13         SH:  0    Dex:  8    Spells: 2/3 levels left

rFire   . . .        a - +0 hand axe
rCold   . . .        (no shield)
rNeg    . . .        b - +0 leather armour
rPois   .            (no helmet)
rElec   .            (no cloak)
rCorr   .            (no gloves)
SInv    .            (no barding)
Will    .....        (no amulet)
Stlth   +            (no ring)
HPRegen 0.23/turn    (no ring)
MPRegen 0.08/turn

%: roll
@: lethally poisoned (10 -> 0)
A: large, rugged brown scales 3, deformed body, armoured tail, roll, long
tongue, awkward tongue
a: no special abilities


You were on level 1 of the Dungeon.
You visited 1 branch of the dungeon, and saw 1 of its levels.

You collected 13 gold pieces.

Inventory:

Hand Weapons
 a - a +0 hand axe (weapon)
Armour
 b - a +0 leather armour (worn)
Scrolls
 c - a scroll of identify {unknown}


   Skills:
 + Level 1.8 Fighting
 + Level 2.4 Axes
 + Level 1.4 Dodging
 + Level 1.8 Spellcasting
 + Level 2.7 Conjurations


You had 2 spell levels left.
You knew the following spells:

 Your Spells              Type           Power      Damage    Failure   Level
a - Kiss of Death         Conj/Necr      16%        2d6       19%         1

Your spell library contained the following spells:

 Spells                   Type           Power      Damage    Failure   Level
 Momentum Strike          Conj/Tloc      8%         3d8       28%         2
 Hailstorm                Conj/Ice       4%         3d4       50%         3


Dungeon Overview and Level Annotations

Branches:
Dungeon (1/15)

Altars:


Innate Abilities, Weirdness & Mutations

You are completely covered in rugged brown scales. (AC +3, +7% HP)
Armour fits poorly on your strangely shaped body.
You have a long armoured tail.
You roll when moving toward enemies. (Rampage)
Your long tongue fully drains potion bottles. (2x potion effects)
Your tongue gives you trouble enunciating. (1.5x scroll delay)


Message History

You now have 13 gold pieces.
c - a scroll labelled QUFFOZXUIFA
Found a hand axe.
You see here a +0 hand axe.
A ball python comes into view.
The ball python hisses angrily.
A kobold comes into view. It is wielding a +0 short sword.
You roll towards the ball python!
A hobgoblin comes into view.
A goblin comes into view. It is wielding a +1 dagger of venom.
The kobold shouts!
The goblin shouts!
The hobgoblin shouts!
The ball python bites you but does no damage.
You hit the ball python.
You kill the ball python!
You roll towards the hobgoblin!
The kobold barely misses you.
You barely miss the hobgoblin. You hit the kobold. The hobgoblin misses you.
The kobold hits you with a +0 short sword.
You take 2 damage, and have 16/18 hp.
You miss the kobold.
The kobold is moderately wounded.
You closely miss the hobgoblin. The kobold misses you. The hobgoblin hits you.
You take 3 damage, and have 13/18 hp.
You barely miss the kobold.
Your tail-slap misses the kobold.
The kobold is moderately wounded.
You hit the goblin. You hit the hobgoblin but do no damage.
The goblin hits you with a +1 dagger of venom.
You are lethally poisoned!
The kobold hits you but does no damage. The hobgoblin barely misses you.
You take 3 damage, and have 10/18 hp.
You are too injured to fight recklessly!
You are too injured to fight recklessly!
You are too injured to fight recklessly!
You are too injured to fight recklessly!
You are too injured to fight recklessly!
You are too injured to fight recklessly!
You are too injured to fight recklessly!
You are too injured to fight recklessly!
There is a lethal amount of poison in your body!
You aren't carrying any potions.
Are you sure you want to abandon this character and quit the game? (Confirm with "yes".)

.............#
#...#####.####
######.#.#####.#####
#...##..............
#...##.........###..
+...+.........## ##.
.####...#.........#
#.
......gK..........##
##.
#.g@....†......###..
#..#................
#..###...###........
#.......## ##.......
#..#.#..# #...<...
.....#..# #.......
##### #... #........
............... ....
......###..


You could see a hobgoblin, a goblin and a kobold.

Vanquished Creatures
  A dart slug (D:1)
  A ball python (D:1)
2 creatures vanquished.

Notes
Turn   | Place    | Note
-------+----------+-------------------------------------------
     0 | D:1      | Ofeo the Armataur Reaver began the quest for the Orb.
     0 | D:1      | Reached XP level 1. HP: 18/18 MP: 3/3
    88 | D:1      | Quit the game

Illustrated notes

Levels and vault maps discovered:
D:1:      minmay_arrival_four_circles, layout_basic

Action                     || total
---------------------------++-------
  Melee: Hand axe          ||     6
 Armour: Leather armour    ||     3
  Dodge: Dodged            ||     4

Table legend: (Time is in decaauts)
 A = Elapsed time spent in this place.
 B = Non-inter-level travel time spent in this place.
 C = Inter-level travel time spent in this place.
 D = Time resting spent in this place.
 E = Time spent auto-exploring this place.
 F = Levels seen in this place.
 G = Mean time per level.
                   A        B        C        D        E       F      G
               +--------+--------+--------+--------+--------+-----+--------+
         Total |     88 |     88 |      0 |      0 |     73 |   1 |   88.0 |
       Dungeon |     88 |     88 |      0 |      0 |     73 |   1 |   88.0 |
               +--------+--------+--------+--------+--------+-----+--------+

Top non-repeatable levels by time:
     D:1: 88 daAuts
